 Dungeon Crawl Stone Soup version 0.20-a0-1116-gaa52201 (webtiles) character file.

9397 dvd the Carver (level 11, -8/89 HPs)
             Began as a Pale Draconian Ice Elementalist on May 7, 2017.
             Was a Priest of Ashenzari.
             Mangled by a manticore (18 damage)
             ... on level 9 of the Dungeon.
             The game lasted 00:42:07 (10463 turns).

dvd the Carver (Pale Draconian Ice Elementalist)   Turns: 10463, Time: 00:42:08

Health: -8/89      AC:  7    Str: 13    XL:     11   Next: 22%
Magic:  23/23      EV: 14    Int: 18    God:    Ashenzari [***...]
Gold:   501        SH:  0    Dex: 12    Spells: 10/24 levels left

rFire    + . .     SeeInvis +   a - +8 demon blade "Bloodbane" {slice, *Rage +Rage Stlth-} (curse)
rCold    + . .     Gourm    .   (no shield)
rNeg     . . .     Faith    .   (armour unavailable)
rPois    +         Spirit   .   (helmet restricted)
rElec    .         Reflect  .   (no cloak)
rCorr    .         Harm     .   (no gloves)
MR       .....     Rnd*Rage +   (no boots)
Stlth    +.........             (no amulet)
Regen    0.3/turn               h - ring of poison resistance (curse)
MPRegen  0.2/turn               u - ring of protection from cold (curse)

@: no status effects
A: breathe steam, unfitting armour, claws 1, hooves 1, berserk 1, clever 1, fire
resistance 1, high mp 1, cold-blooded, AC +7
a: Breathe Steam, Curse Item, Scrying, Renounce Religion, Evoke Berserk Rage


You were on level 9 of the Dungeon.
You worshipped Ashenzari.
Ashenzari was most pleased with you.
You were not hungry.

You visited 2 branches of the dungeon, and saw 10 of its levels.
You also visited: Ossuary.

You collected 501 gold pieces.

Inventory:

Hand Weapons
 a - the cursed +8 demon blade "Bloodbane" (weapon) {slice, *Rage +Rage Stlth-}
   (You found it on level 5 of the Dungeon)

   It inflicts extra damage upon your enemies.
   It lets you go berserk.
   It may make you go berserk in combat.
   It makes you less stealthy.
   It has a curse placed upon it.
Jewellery
 h - a cursed ring of poison resistance (left claw)
 o - a +2 ring of evasion
 u - a cursed ring of protection from cold (right claw)
 z - an uncursed ring of wizardry
 H - an uncursed ring of positive energy
Wands
 C - a wand of disintegration (13/24)
 D - a wand of disintegration (9/24)
Scrolls
 c - a scroll of magic mapping
 e - 4 scrolls of remove curse
 i - 5 scrolls of amnesia
 j - 5 scrolls of identify
 n - a scroll of brand weapon
 r - 4 scrolls of teleportation
 v - 2 scrolls of blinking
Potions
 k - a potion of mutation
 l - 2 potions of agility
 m - a potion of curing
 t - a potion of magic
 E - a potion of invisibility
 G - 4 potions of flight
 K - a potion of cancellation
Books
 f - a book of Frost

   Spells                             Type                      Level
   a - Freeze                         Ice                          1
   b - Throw Frost                    Conjuration/Ice              2
   c - Ozocubu's Armour               Charms/Ice                   3
   d - Throw Icicle                   Conjuration/Ice              4
   e - Summon Ice Beast               Ice/Summoning                4
Comestibles
 b - 8 bread rations
 d - 2 chunks of flesh
 s - 3 meat rations
 I - 8 royal jellies
 J - 2 fruits


   Skills:
 + Level 6.1 Fighting
 + Level 9.9(12.6) Long Blades
   Level 3.2 Polearms
 + Level 4.7 Dodging
 + Level 3.9 Stealth
 + Level 7.0 Spellcasting
 + Level 3.5(5.2) Conjurations
 + Level 3.7(5.4) Charms
 + Level 0.4(1.1) Summonings
 + Level 7.4(9.3) Ice Magic
 + Level 0.2(0.7) Evocations


You had 10 spell levels left.
You knew the following spells:

 Your Spells              Type           Power        Failure   Level  Hunger
a - Freeze                Ice            ####         1%          1    None
b - Throw Frost           Conj/Ice       ####..       1%          2    None
c - Ozocubu's Armour      Chrm/Ice       ####....     1%          3    ##.....
d - Throw Icicle          Conj/Ice       ####....     5%          4    ####...
e - Summon Ice Beast      Ice/Summ       ####....     12%         4    ####...


Dungeon Overview and Level Annotations

Branches:
Dungeon (9/15)             Temple (1/1) D:7            Lair (0/6) D:9
    Orc: D:9-12

Altars:
Ashenzari
Cheibriados
Dithmenos
Elyvilon
Fedhas
Gozag
Hepliaklqana
Kikubaaqudgha
Makhleb
Nemelex Xobeh
Okawaru
Qazlal
Ru
Sif Muna
Trog
Uskayaw
Vehumet
Wu Jian
Xom
Yredelemnul
Zin
The Shining One


Innate Abilities, Weirdness & Mutations

You can breathe blasts of scalding, opaque steam.
Your pale cyan-grey scales are hard. (AC +7)
You cannot fit into any form of body armour.
You are cold-blooded and may be slowed by cold attacks.
You have sharp fingernails.
You have large cloven feet.
You tend to lose your temper in combat.
Your mind is acute. (Int +2)
Your flesh is heat resistant. (rF+)
You have an increased reservoir of magic. (+10% MP)


Message History

Your Fighting skill increases to level 6!
Your Spellcasting skill increases to level 7!
You feel much better.
You recover from your berserk rage.
The manticore bites you but does no damage.
The manticore claws you.
* * * LOW HITPOINT WARNING * * *
The manticore claws you but does no damage.
Unknown command.
You slice the manticore!!
The manticore is heavily wounded.
The manticore bites you!
* * * LOW HITPOINT WARNING * * *
The manticore barely misses you. x2
Unknown command.
You slash the manticore!
You kick the manticore, but do no damage.
The manticore is almost dead.
The manticore bites you!!
You die...

#.(....#.....#....
##########......#.....#....
#........##################
#.....................).((.
#.............{.(....)))..)
#.....<..##################
#........#......#.....#....
#........#......#.....#....
#.......{#@###.)#..#..#..#.
#........#H).#..#.)#..#..#.
#........#...#.....#.....#.
#........#..(#.....#.....#.
##...._..##################
#.........................
#......................(..
##........................
##.....#.....<....#.#.##.


You could see a manticore.

Vanquished Creatures
  A two-headed ogre (D:9)
  The ghost of sergedm the Thaumaturge, a novice DECj (D:8)
  A deep elf mage (D:9)
  A cyclops (D:7)
  Grinder (D:6)
  A yak (D:9)
  4 hogs (D:7)
  A human (D:7)
  A hungry ghost (D:9)
  A steam dragon (D:9)
  The ghost of dvd the Chiller, an amateur DrIE of Ashenzari (D:5)
  Duvessa (D:4)
  A water moccasin (D:9)
  An ice beast (D:8)
  5 sky beasts
  5 orc warriors
  2 black bears
  2 phantoms
  2 necrophages
  9 ogres
  5 centaurs
  A crocodile (D:9)
  4 elf zombies (Ossuary)
  4 bullfrogs
  Dowan (D:4)
  A wyvern skeleton (D:9)
  A scorpion (D:8)
  A water moccasin skeleton (D:9)
  4 wights
  10 killer bees
  A centaur zombie (Ossuary)
  3 crimson imps
  A human zombie (Ossuary)
  2 orc priests (D:4)
  3 jellies
  3 bullfrog skeletons (D:9)
  6 hounds
  7 orc wizards
  A centaur skeleton (D:6)
  A gnoll shaman (D:4)
  3 iguanas
  Natasha (thrice) (D:2)
  4 worker ants
  3 big kobold zombies (Ossuary)
  2 hound zombies (D:7)
  A hound skeleton (D:8)
  2 mummies (Ossuary)
  3 worker ant zombies
  Robin (D:2)
  10 gnolls
  2 howler monkey skeletons
  17 adders
  2 shadow imps
  3 oozes
  An adder skeleton (D:4)
  3 worms (D:4)
  3 dart slugs
  7 leopard geckos
  28 orcs
  4 giant cockroaches
  9 goblins
  14 hobgoblins
  21 jackals
  9 kobolds
  3 quokkas
  7 bats
  6 frilled lizards
  A goblin zombie (Ossuary)
  12 hobgoblin zombies (Ossuary)
  A jackal zombie (D:7)
  8 kobold zombies (Ossuary)
  6 orc zombies (Ossuary)
  A quokka skeleton (D:9)
  A quokka zombie (D:5)
  11 rats
  A rat zombie (Ossuary)
315 creatures vanquished.

Vanquished Creatures (collateral kills)
  An orc (D:9)
1 creature vanquished.

Vanquished Creatures (others)
  An orc (D:7)
1 creature vanquished.

Grand Total: 317 creatures vanquished

Notes
Turn   | Place    | Note
-------+----------+-------------------------------------------
     0 | D:1      | dvd the Draconian Ice Elementalist began the quest for the Orb.
     0 | D:1      | Reached XP level 1. HP: 14/14 MP: 3/3
    47 | D:1      | Reached XP level 2. HP: 8/20 MP: 0/5
   299 | D:1      | Learned a level 2 spell: Throw Frost
   484 | D:1      | Reached XP level 3. HP: 20/26 MP: 6/6
   489 | D:1      | Learned a level 3 spell: Ozocubu's Armour
   775 | D:2      | Noticed Robin
   780 | D:2      | Noticed Natasha
   786 | D:2      | Killed Robin
   794 | D:2      | Killed Natasha
   794 | D:2      | Reached XP level 4. HP: 5/34 MP: 1/8
   801 | D:2      | HP: 1/34 [goblin/club[Robin] (3)]
  1197 | D:2      | Noticed Natasha
  1202 | D:2      | Killed Natasha
  1229 | D:2      | Reached skill level 1 in Polearms
  1314 | D:2      | Noticed Natasha
  1327 | D:2      | Killed Natasha
  1327 | D:2      | Reached XP level 5. HP: 27/39 MP: 1/9
  2123 | D:3      | Reached XP level 6. HP: 38/46 MP: 4/11
  2140 | D:3      | Found a shattered altar of Ashenzari.
  2193 | D:3      | Became a worshipper of Ashenzari the Shackled
  2217 | D:3      | Found a bloodstained altar of Trog.
  3527 | D:4      | Found a blossoming altar of Fedhas.
  3533 | D:4      | Reached skill level 1 in Fighting
  4012 | D:4      | Noticed Duvessa
  4013 | D:4      | Noticed Dowan
  4039 | D:4      | Killed Duvessa
  4039 | D:4      | Your scales start taking on a pale cyan-grey colour.
  4039 | D:4      | Reached XP level 7. HP: 38/52 MP: 2/13
  4192 | D:4      | Found a shimmering altar of Xom.
  4198 | D:4      | Reached skill level 5 in Ice Magic
  4438 | D:4      | Learned a level 4 spell: Throw Icicle
  4476 | D:4      | Killed Dowan
  4476 | D:4      | Reached skill level 1 in Charms
  4586 | D:5      | Entered Level 5 of the Dungeon
  4616 | D:5      | Noticed dvd's ghost (amateur DrIE)
  4703 | D:5      | Found a sand-covered staircase.
  4704 | D:5      | Reached * piety under Ashenzari
  4716 | Ossuary  | Entered an ossuary
  4961 | Ossuary  | Reached skill level 1 in Long Blades
  4964 | Ossuary  | Reached skill level 2 in Long Blades
  4964 | Ossuary  | Reached XP level 8. HP: 45/62 MP: 10/15
  5037 | Ossuary  | Reached skill level 3 in Long Blades
  5208 | D:4      | Reached skill level 4 in Long Blades
  5474 | D:5      | Killed dvd's ghost
  5547 | D:5      | Reached skill level 5 in Long Blades
  5843 | D:6      | Reached skill level 5 in Spellcasting
  5937 | D:6      | Found an iron altar of Okawaru.
  5985 | D:6      | Noticed Grinder
  5996 | D:6      | Killed Grinder
  5996 | D:6      | Reached XP level 9. HP: 71/71 MP: 10/16
  6142 | D:6      | Found a shadowy altar of Dithmenos.
  6154 | D:6      | Reached skill level 6 in Long Blades
  6836 | D:7      | Gained mutation: You tend to lose your temper in combat. [mutagenic meat]
  6837 | D:7      | Gained mutation: Your spells are a little harder to cast, but a little more powerful. [mutagenic meat]
  6838 | D:7      | Gained mutation: You have an increased reservoir of magic. (+10% MP) [mutagenic meat]
  6840 | D:7      | Gained mutation: You have sharp fingernails. [mutagenic meat]
  7172 | D:7      | Reached ** piety under Ashenzari
  7211 | D:7      | Found a staircase to the Ecumenical Temple.
  7220 | Temple   | Entered the Ecumenical Temple
  7455 | D:7      | Reached skill level 7 in Long Blades
  7495 | D:7      | Reached XP level 10. HP: 58/80 MP: 16/20
  7783 | D:7      | Found a sparkling altar of Nemelex Xobeh.
  7890 | D:7      | Noticed a cyclops
  7903 | D:7      | Killed a cyclops
  8230 | D:8      | Reached skill level 5 in Fighting
  8251 | D:8      | Found a burning altar of Makhleb.
  8254 | D:8      | Found a glowing golden altar of the Shining One.
  8254 | D:8      | Found a radiant altar of Vehumet.
  8254 | D:8      | Found a bloodstained altar of Trog.
  8255 | D:8      | Found a white marble altar of Elyvilon.
  8346 | D:8      | Found an opulent altar of Gozag.
  8484 | D:8      | Reached skill level 8 in Long Blades
  8574 | D:8      | Noticed sergedm's ghost (novice DECj)
  8587 | D:8      | Killed sergedm's ghost
  8949 | D:8      | Gained mutation: Your mind is acute. (Int +2) [mutagenic meat]
  8950 | D:8      | Gained mutation: Your tail ends in a poisonous barb. [mutagenic meat]
  9090 | D:9      | Found a sacrificial altar of Ru.
  9299 | D:9      | Reached *** piety under Ashenzari
  9322 | D:9      | Learned a level 4 spell: Summon Ice Beast
  9330 | D:9      | Found a bloodstained altar of Trog.
  9361 | D:9      | Found a staircase to the Lair.
  9361 | D:9      | Noticed a two-headed ogre
  9369 | D:9      | Killed a two-headed ogre
  9369 | D:9      | Reached skill level 9 in Long Blades
  9685 | D:9      | Lost mutation: Your tail ends in a poisonous barb. [potion of mutation]
  9685 | D:9      | Lost mutation: Your spells are a little harder to cast, but a little more powerful. [potion of mutation]
  9685 | D:9      | Gained mutation: Your flesh is heat resistant. (rF+) [potion of mutation]
  9685 | D:9      | Gained mutation: You have large cloven feet. [potion of mutation]
  9685 | D:9      | Gained mutation: Your muscles are strong. (Str +2) [potion of mutation]
  9888 | D:9      | Reached XP level 11. HP: 75/89 MP: 13/23
 10383 | D:9      | Lost mutation: Your muscles are strong. (Str +2) [mutagenic meat]
 10452 | D:9      | Noticed a deep elf mage
 10460 | D:9      | Killed a deep elf mage
 10463 | D:9      | Mangled by a manticore

Vault maps used:
D:1:      dpeg_arrival_shelter, grunt_decor_one_mirror, minmay_box_of_dots
D:2:      uniq_natasha, uniq_robin
D:3:      cheibrodos_ashenzari_chains, serial_forest,
          infiniplex_forest_straight_5, infiniplex_forest_lined_corner,
          infiniplex_forest_lined_3_way, infiniplex_forest_clump_long,
          infiniplex_forest_clump_cross, infiniplex_forest_straight_2,
          infiniplex_forest_clump_tiny, infiniplex_forest_clump_large,
          trog_butcher_becter
D:4:      old_standard_altar, first_bread, grunt_ministairs_3, fedhas_altar_1,
          uniq_duvessa
D:5:      nicolae_ossuary_entry_ruins
D:6:      basic_altar, nicolae_dithmenos_shadow_blocks, uniq_grinder
D:7:      nemelex_xobeh_ov_fountains_minmay, lemuel_temple_firewalk_b,
          grunt_livestock
D:8:      grunt_temple_overflow_open, nicolae_gozag_seed_capital
D:9:      kennysheep_windowed_halls, overflow_temple_1_default,
          dpeg_oklobed_lair, trog_three_pillars_becter
Temple:   nicolae_temple_god_jail
Ossuary:  ossuary_tomb_1

Skill      XL: |  1  2  3  4  5  6  7  8  9 10 11 |
---------------+----------------------------------+-----
Stealth        | 2 3 |  3.9
Dodging        | 2 3 4 |  4.7
Ice Magic      | 4 5 6 7 |  7.4
Polearms       | 1 2 3 |  3.2
Spellcasting   | 3 4 5 6 7 |  7.0
Fighting       | 1 2 3 4 5 6 |  6.1
Charms         | 1 3 |  3.7
Long Blades    | 2 5 7 9 |  9.9
Conjurations   | 3 |  3.5
Summonings     | |  0.4
Evocations     | |  0.2

Action                   |  1- 3 |  4- 6 |  7- 9 | 10-12 || total
-------------------------+-------+-------+-------+-------++-------
Melee: Hand axe          |     6 |       |       |       ||     6
       Tailslap          |     3 |    15 |    17 |    29 ||    64
       Spear             |    70 |   168 |    60 |       ||   298
       Demon blade       |       |       |   192 |   182 ||   374
       Kick              |       |       |       |    18 ||    18
 Cast: Freeze            |    17 |    55 |    27 |     8 ||   107
       Throw Frost       |     4 |    20 |    29 |    24 ||    77
       Ozocubu's Armour  |     1 |    10 |    21 |    21 ||    53
       Throw Icicle      |       |       |     8 |    11 ||    19
       Summon Ice Beast  |       |       |       |     2 ||     2
Invok: Curse Item        |       |       |     2 |     1 ||     3
 Abil: Breathe Steam     |       |       |     8 |     2 ||    10
Evoke: Wand              |       |     4 |       |       ||     4
  Use: Scroll            |       |     1 |    10 |       ||    11
       Potion            |       |     1 |     6 |     9 ||    16
 Stab: Sleeping          |     3 |     9 |     1 |     2 ||    15
       Distracted        |       |       |       |     1 ||     1
  Eat: Chunk             |       |    11 |    18 |    18 ||    47
       Royal jelly       |       |     1 |       |       ||     1
       Bread ration      |       |       |     1 |       ||     1
Armor: Skin              |    17 |    45 |    88 |    61 ||   211
Dodge: Dodged            |    57 |   105 |   194 |   136 ||   492
       Rpst.: Demon blade |       |       |    42 |    45 ||    87
